AoeStats
← Terran-test

Golden Pit

509034973Analyzed
1v1 RM · 6d ago on Sep 25, 2026· 50m 22s· 2 players
Game mode
Random Map
Map size
Tiny (2 player)
Population
200
Speed
Normal
Resources
Standard
Victory
Conquest
Starting age
Dark Age
Ending age
Imperial Age
RankedLock teamsTeams togetherTeam positionsShared explorationLock speedFull tech treeHidden civsTurbo modeCheats
Victory
Defeat
🇪🇸 Britons · Spain
553
+13
🇨🇱 Persians · Chile
485
-13
Terran-test
11:23 Feudal Age
14:01 Double-Bit Axe
14:54 Wheelbarrow
25:22 Castle Age
23:40 Horse Collar
30:54 Heavy Plow
40:15 Imperial Age
38:16 Husbandry
38:55 Bloodlines
40:56 Scale Barding Armor
43:39 Forging
44:50 Light Cavalry
47:23 Gold Mining
47:28 Stone Mining
48:22 Iron Casting
48:52 Cavalier
White Label
4:25 Loom
12:51 Feudal Age
13:56 Double-Bit Axe
14:07 Gold Mining
14:12 Stone Mining
15:01 Wheelbarrow
14:14 Horse Collar
23:12 Town Watch
23:47 Fletching
24:08 Forging
26:36 Castle Age
25:54 Padded Archer Armor
28:01 Hand Cart
27:55 Heavy Plow
29:40 Bodkin Arrow
35:56 Murder Holes
37:28 Iron Casting
37:24 Town Patrol
37:30 Town Patrol
40:13 Treadmill Crane
43:11 Imperial Age
41:05 Masonry
42:17 Yeomen
43:24 Ballistics
44:23 Conscription
45:25 Bracer
46:26 Blast Furnace
45:46 Elite Longbowman
47:54 Leather Archer Armor
49:13 Chemistry
Connection lost

Rejoining the realm…

Still unreachable

The connection could not be restored.

Session expired

The server has moved on; the page needs a fresh start.